 Dungeon Crawl Stone Soup version 0.31-a0-960-g0fca184906 (webtiles) character file.

Game seed: 13989025105524635342

29214 gelatine the Fighter (level 13, -2/103 HPs)
             Began as a Demonspawn Gladiator on Oct 23, 2023.
             Slain by a death yak (6 damage)
             ... on level 2 of the Lair of Beasts.
             The game lasted 00:45:49 (14150 turns).

gelatine the Fighter (Demonspawn Gladiator)        Turns: 14150, Time: 00:45:51

Health: -2/103     AC: 16    Str: 18    XL:     13   Next: 14%
Magic:  19/19      EV:  7    Int: 12    God:
Gold:   971        SH: 14    Dex: 14    Spells: 19/21 levels left

rFire   + + .        T - +10 whip of Atyheof {vamp, rF+}
rCold   + . .        W - +0 kite shield
rNeg    . . .        Y - +0 gold dragon scales
rPois   +            (helmet restricted)
rElec   +            (no cloak)
rCorr   .            (no gloves)
SInv    +            C - +0 pair of boots
Will    .....        O - amulet of Guires {Reflect rElec Str-3 Int+3 SH+5 SInv} Stlth
                     d - +5 ring of evasion
HPRegen 0.37/turn    a - ring of flight
MPRegen 0.16/turn

%: reflection
@: flying
A: antennae 1, claws 1, demonic guardian 2, foul stench 3, weakness stinger 2
a: no special abilities


You were on level 2 of the Lair of Beasts.
You visited 3 branches of the dungeon, and saw 17 of its levels.
You also visited: Ossuary and Bailey.

You collected 971 gold pieces.

Inventory:

Hand Weapons
 F - a +2 hand axe of flaming
 H - a +5 war axe of chaos
 T - the +10 whip of Atyheof (weapon) {vamp, rF+}
   (You took it off a spriggan in a bailey)

   rF+:       It protects you from fire.
 U - the +7 rapier of Non Obstante Veredicto {vamp, rC+ rN+}
   (You found it on level 12 of the Dungeon)

   rC+:       It protects you from cold.
   rN+:       It protects you from negative energy.
Missiles
 e - 6 javelins
 m - 4 throwing nets
 L - 10 curare-tipped darts
 Z - 4 silver javelins
Armour
 b - +0 acid dragon scales
 q - +0 steam dragon scales
 t - a +0 troll leather armour
 C - a +0 pair of boots (worn)
 K - a +2 robe of cold resistance
 W - a +0 kite shield (worn)
 Y - +0 gold dragon scales (worn)
Jewellery
 a - a ring of flight (right claw)
 d - a +5 ring of evasion (left claw)
 z - an amulet of regeneration
 E - an amulet of guardian spirit
 J - a ring of magical power
 N - a ring of protection from fire
 O - the amulet of Guires (around neck) {Reflect rElec Str-3 Int+3 SH+5 SInv}
   (You acquired it on level 1 of the Lair of Beasts)

   [amulet of reflection]

   Reflect:   It reflects blocked missile attacks.
   Str-3:     It affects your strength (-3).
   Int+3:     It affects your intelligence (+3).
   rElec:     It insulates you from electricity.
   SInv:      It lets you see invisible.
   SH+5:      It affects your SH (+5).
Talismans
 h - a blade talisman
Wands
 c - a wand of iceblast (7)
 A - a wand of charming (10)
 B - a wand of mindburst (9)
 M - a wand of flame (9) (quivered)
 S - a wand of digging (3)
Scrolls
 f - 2 scrolls of poison
 i - a scroll of torment
 j - 2 scrolls of summoning
 k - 2 scrolls of amnesia
 l - 2 scrolls of noise
 p - 5 scrolls of teleportation
 r - 3 scrolls of enchant armour
 w - 3 scrolls of identify
 x - a scroll of silence
 y - 4 scrolls of vulnerability
 D - 4 scrolls of enchant weapon
 I - 2 scrolls of fog
 X - 2 scrolls of blinking
Potions
 g - 6 potions of lignification
 o - 3 potions of cancellation
 s - 2 potions of brilliance
 u - 2 potions of enlightenment
 v - 4 potions of haste
 G - 4 potions of resistance
 P - 5 potions of attraction
 Q - 9 potions of curing
 R - 2 potions of magic
 V - 2 potions of invisibility


   Skills:
 * Level 9.9 Fighting
 + Level 9.2(10.0) Axes
 + Level 6.1(8.5) Maces & Flails
 + Level 7.2 Throwing
 * Level 5.9 Armour
 * Level 7.1 Dodging
 + Level 4.4 Stealth
 * Level 5.4 Shields
 + Level 3.0 Unarmed Combat
 + Level 4.6 Spellcasting
 + Level 3.7 Translocations
 + Level 4.0 Evocations
 + Level 3.4 Shapeshifting


You had 19 spell levels left.
You knew the following spells:

 Your Spells              Type           Power      Damage    Failure   Level
a - Blink                 Tloc           22%        N/A       100%        2

Your spell library contained the following spells:

 Spells                   Type           Power      Damage    Failure   Level
 Lesser Beckoning         Tloc           22%        N/A       100%        2
 Momentum Strike          Conj/Tloc      14%        3d8       100%        2
 Call Canine Familiar     Summ           2%         N/A       100%        3
 Inner Flame              Hex/Fire       2%         N/A       100%        3
 Sigil of Binding         Hex            2%         N/A       100%        3
 Tukima's Dance           Hex            2%         N/A       100%        3
 Animate Dead             Necr           2%         N/A       100%        4
 Dimensional Bullseye     Hex/Tloc       3%         N/A       100%        4
 Iskenderun's Mystic Bla  Conj/Tloc      7%         2d4       100%        4
 Leda's Liquefaction      Hex/Erth       1%         N/A       100%        4
 Alistair's Intoxication  Tmut/Pois      1%         N/A       100%        5
 Borgnjor's Vile Clutch   Necr/Erth      1%         N/A       100%        5
 Iskenderun's Battlesphe  Conj           2%         2d6       100%        5
 Summon Forest            Summ/Tloc      3%         N/A       100%        5
 Summon Mana Viper        Hex/Summ       2%         N/A       100%        5
 Yara's Violent Unravell  Hex/Tmut       1%         3d3       100%        5
 Bombard                  Conj/Erth      1%         9d1       100%        6
 Conjure Ball Lightning   Conj/Air       1%         3x3d6     100%        6
 Eringya's Noxious Bog    Tmut/Pois      1%         4d6       100%        6
 Summon Cactus Giant      Summ           1%         N/A       100%        6
 Enfeeble                 Hex            1%         N/A       100%        7
 Haunt                    Necr/Summ      1%         N/A       100%        7
 Spellforged Servitor     Conj/Summ      1%         N/A       100%        7
 Discord                  Hex            1%         N/A       100%        8
 Disjunction              Tloc           5%         N/A       100%        8
 Infestation              Necr           1%         N/A       100%        8


Dungeon Overview and Level Annotations

Branches:
Dungeon (14/15)            Temple (1/1) D:5            Lair (2/5) D:9
    Orc (0/2) D:12         Vaults (0/5) D:14        Ossuary (visited)
 Bailey (visited)
  Swamp: Lair:2-3    Shoals: Lair:2-3     Snake: Lair:2-3    Spider: Lair:2-3

Altars:
Ashenzari
Cheibriados
Dithmenos
Fedhas
Gozag
Hepliaklqana
Kikubaaqudgha
Makhleb
Nemelex Xobeh
Okawaru
Qazlal
Ru
Sif Muna
Trog
Uskayaw
Vehumet
Wu Jian
Xom
Yredelemnul

Shops:
D:4 [

Portals:
Trove: D:12 (give 6 scrolls of fear)

Annotations:
D:14 Urug


Innate Abilities, Weirdness & Mutations

You have a pair of small antennae on your head.
You have sharp fingernails.
A demonic guardian rushes to your aid.
You frequently emit foul miasma when damaged in melee.
You have a tail ending in a sharp stinger.


Message History

The death yak is moderately wounded.
The death yak gores you!
The death yak is engulfed in dark miasma.
The death yak looks as sick as possible!
The death yak seems to slow down.
You block the death yak's attack.
The death yak is engulfed in dark miasma.
The death yak looks even sicker.
The death yak seems to slow down.
The death yak gores you but does no damage.
The death yak is engulfed in dark miasma.
The death yak looks even sicker.
The death yak gores you.
* * * LOW HITPOINT WARNING * * *
You hit the death yak.
You feel better.
Your tail-slap misses the death yak.
The death yak is severely wounded.
Unknown command.
You barely miss the death yak.
You tail-slap the death yak, but do no damage.
The death yak is moderately wounded.
The death yak is no longer moving slowly. x2
The death yak gores you!
* * * LOW HITPOINT WARNING * * *
The death yak is engulfed in dark miasma.
The death yak looks as sick as possible!
The death yak seems to slow down.
You block the death yak's attack.
The death yak is engulfed in dark miasma.
The death yak looks as sick as possible!
The death yak seems to slow down.
The death yak gores you!
* * * LOW HITPOINT WARNING * * *
The death yak barely misses you.
Read: scroll of fear
Press: ? - help, Q - select action, (/) - cycle Dir - look around, f - activate Look: a death yak (foul pestilence, heavily wounded, extremely poisoned, slow, chance to affect: 47%)
As you read the scroll of fear, it crumbles to dust.
You assume a fearsome visage.
The death yak easily resists.
The death yak resists with almost no effort.
The death yak resists with almost no effort.
The death yak looks frightened!
The death yak is no longer moving slowly. x2
The death yak gores you.
You die...

.# ### .# ######
##.# .###.#..###..##
..............##
†..............##
................##
....##..P##.#....##
....#########....Y##
(....# ##..@Y.#
....## ###YY.# 8...#
#P#....# ...##
###....# ..## .....
.# ..... # P... #
##.. #


You could see 4 death yaks.

Vanquished Creatures
  Josephine (D:11)
  A hydra (D:13)
  2 boulder beetles
  2 death yaks (Lair:2)
  3 two-headed ogres
  3 deep elf pyromancers
  2 manticores
  3 cyclopes
  Maurice (D:8)
  A gargoyle (D:12)
  4 cane toads
  An unseen horror (D:10)
  6 komodo dragons
  5 trolls
  Grinder (D:4)
  5 blink frogs (Lair:1)
  6 slime creatures (D:12)
  5 spriggans (Bailey)
  5 wraiths
  16 yaks
  5 vampire mosquitoes (D:13)
  3 steam dragons
  2 acid dragons
  6 water moccasins
  2 orc warriors (D:9)
  3 sky beasts
  An ice beast (D:7)
  2 black bears
  5 ogres
  3 wolves (Lair:2)
  3 centaurs
  A phantom (D:5)
  A kobold brigand (D:8)
  4 bullfrogs
  5 scorpions
  8 wights
  12 killer bees
  A vampire bat (D:6)
  9 howler monkeys
  2 hounds
  A jelly (D:4)
  A bullfrog skeleton (D:8)
  A gnoll bouda (D:8)
  3 orc priests
  A sleepcap (D:6)
  2 iguanas
  2 scorpion zombies (D:8)
  15 orc wizards
  2 killer bee zombies (D:8)
  3 mummies (Ossuary)
  Robin (D:3)
  A howler monkey skeleton (D:8)
  8 gnolls
  7 adders
  A shadow imp (D:7)
  A white imp (D:7)
  4 ufetubi (D:6)
  2 adder zombies (Ossuary)
  2 worms (D:3)
  3 dart slugs
  48 orcs
  4 ball pythons
  2 bat skeletons (D:6)
  3 bat zombies (D:6)
  9 endoplasms
  4 giant cockroaches
  12 hobgoblins
  3 jackals (D:3)
  10 kobolds
  2 quokkas (D:2)
  3 bats (D:1)
  3 frilled lizards (D:1)
  19 goblins
  4 goblin zombies (Ossuary)
  A hobgoblin zombie (Ossuary)
  3 kobold zombies (Ossuary)
  6 quokka zombies (Ossuary)
  7 rats
  A rat zombie (Ossuary)
356 creatures vanquished.

Vanquished Creatures (collateral kills)
  A boulder beetle (D:13)
  A black mamba (Lair:1)
  A komodo dragon (Lair:1)
  A hornet (D:8)
  A slime creature (D:12)
  A wraith (D:11)
  2 yaks
  2 vampire mosquitoes (D:13)
  A steam dragon (D:8)
  A black bear (D:8)
  An ogre (Bailey)
  An elf zombie (Ossuary)
  A wight (D:7)
  A killer bee (D:10)
  2 hounds
  An orc wizard (D:6)
  An endoplasm (D:4)
20 creatures vanquished.

Vanquished Creatures (others)
  Psyche (D:10)
1 creature vanquished.

Grand Total: 377 creatures vanquished

Notes
Turn   | Place    | Note
-------+----------+-------------------------------------------
     0 | D:1      | gelatine the Demonspawn Gladiator began the quest for the
                  | Orb.
     0 | D:1      | Reached XP level 1. HP: 16/16 MP: 1/1
   216 | D:1      | Discovered your monstrous ancestry.
   216 | D:1      | Gained mutation: You have a small tail. [demonic ancestry]
   216 | D:1      | Reached XP level 2. HP: 22/22 MP: 2/2
  1142 | D:2      | Gained mutation: A weak demonic guardian rushes to your
                  | aid. [demonic ancestry]
  1142 | D:2      | Reached XP level 3. HP: 27/27 MP: 3/3
  1511 | D:2      | Found a faded altar of an unknown god.
  2102 | D:3      | Found a blossoming altar of Fedhas.
  2149 | D:3      | Found a sparkling altar of Nemelex Xobeh.
  2214 | D:3      | Noticed Robin
  2222 | D:3      | Killed Robin
  2223 | D:3      | Reached skill level 1 in Armour
  2223 | D:3      | Gained mutation: You have a tail ending in a sharp stinger.
                  | [demonic ancestry]
  2223 | D:3      | Reached XP level 4. HP: 33/33 MP: 5/5
  2344 | D:3      | Learned a level 2 spell: Blink
  2557 | D:3      | Found a hide-covered altar of Uskayaw.
  2952 | D:3      | Reached skill level 1 in Spellcasting
  3181 | D:4      | Reached skill level 1 in Shapeshifting
  3181 | D:4      | Reached XP level 5. HP: 32/39 MP: 6/6
  3209 | D:4      | Noticed Grinder
  3212 | D:4      | Paralysed by Grinder for 2 turns
  3232 | D:4      | Killed Grinder
  3233 | D:4      | Reached skill level 1 in Translocations
  3233 | D:4      | Gained mutation: You have sharp fingernails. [demonic
                  | ancestry]
  3233 | D:4      | Reached XP level 6. HP: 26/46 MP: 6/8
  3380 | D:4      | Found Hyusucs's Armour Emporium.
  3577 | D:4      | Reached skill level 1 in Stealth
  3648 | D:4      | Found a radiant altar of Vehumet.
  3889 | D:4      | Noticed a sky beast
  3908 | D:4      | Killed a sky beast
  3909 | D:4      | Gained mutation: A demonic guardian rushes to your aid.
                  | [demonic ancestry]
  3909 | D:4      | Reached XP level 7. HP: 47/51 MP: 10/10
  4179 | D:5      | Entered Level 5 of the Dungeon
  4315 | D:5      | Reached skill level 5 in Dodging
  4315 | D:5      | Reached XP level 8. HP: 64/64 MP: 10/13
  4675 | D:5      | Gained mutation: You may rarely emit foul miasma when
                  | damaged in melee. [demonic ancestry]
  4675 | D:5      | Reached XP level 9. HP: 71/71 MP: 14/14
  4973 | D:5      | Found a staircase to the Ecumenical Temple.
  4982 | Temple   | Entered the Ecumenical Temple
  5600 | D:6      | Found an ancient bone altar of Kikubaaqudgha.
  6405 | D:7      | Found a shimmering altar of Xom.
  7060 | D:8      | Noticed Maurice
  7063 | D:8      | Gained mutation: You sometimes emit foul miasma when
                  | damaged in melee. [demonic ancestry]
  7063 | D:8      | Reached XP level 10. HP: 30/79 MP: 16/16
  7074 | D:8      | HP: 1/79 [hornet (6)]
  7075 | D:8      | Reached skill level 5 in Throwing
  7092 | D:8      | Something stole a blade talisman
  7093 | D:8      | Killed Maurice
  7183 | D:8      | Found a sand-covered staircase.
  7202 | Ossuary  | Entered an ossuary
  7636 | D:8      | Found a shimmering blue altar of Sif Muna.
  7772 | D:8      | Found an iron altar of Okawaru.
  7958 | D:9      | Found a flagged portal.
  7978 | Bailey   | Entered a bailey
  8024 | Bailey   | HP: 1/79 [ogre/+0 halberd (13)]
  8102 | Bailey   | Noticed a two-headed ogre
  8113 | Bailey   | Killed a two-headed ogre
  8114 | Bailey   | Reached skill level 1 in Evocations
  8214 | Bailey   | Identified the +10 whip of Atyheof {vamp, rF+}
  8771 | D:9      | Gained mutation: You have a pair of small antennae on your
                  | head. [demonic ancestry]
  8771 | D:9      | Reached XP level 11. HP: 80/80 MP: 17/17
  8837 | D:9      | Reached skill level 1 in Shields
  8904 | D:9      | Found a staircase to the Lair.
  9187 | D:10     | Entered Level 10 of the Dungeon
  9282 | D:10     | Reached skill level 1 in Maces & Flails
  9584 | D:10     | Found an ornate altar of the Wu Jian Council.
  9585 | D:10     | Noticed a two-headed ogre
  9590 | D:10     | Noticed Psyche
  9612 | D:10     | Killed Psyche
  9617 | D:10     | Killed a two-headed ogre
 10351 | D:11     | Noticed Josephine
 10359 | D:11     | Killed Josephine
 10778 | D:12     | Found a portal to a secret trove of treasure.
 10845 | D:12     | Noticed a deep elf pyromancer
 10852 | D:12     | Killed a deep elf pyromancer
 11106 | D:12     | Reached XP level 12. HP: 78/94 MP: 18/18
 11147 | D:12     | Identified the +7 rapier of Non Obstante Veredicto {vamp,
                  | rC+ rN+}
 11166 | D:12     | Found a staircase to the Orcish Mines.
 11457 | D:12     | Noticed a boulder beetle
 11485 | D:12     | Killed a boulder beetle
 11651 | D:13     | Noticed a two-headed ogre
 11665 | D:13     | Killed a two-headed ogre
 11666 | D:13     | Reached skill level 5 in Armour
 11967 | D:13     | Noticed a boulder beetle
 11989 | D:13     | Killed a boulder beetle
 11990 | D:13     | Reached skill level 5 in Maces & Flails
 12493 | D:13     | Noticed a five-headed hydra
 12502 | D:13     | Killed a five-headed hydra
 12656 | D:14     | Identified the "Toabreeb"
 12656 | D:14     | Noticed a two-headed ogre
 12656 | D:14     | Noticed Urug
 12656 | D:14     | Noticed a centaur warrior
 12656 | D:14     | Found a gate to the Vaults.
 12748 | Lair:1   | Entered Level 1 of the Lair of Beasts
 12854 | Lair:1   | Identified a scroll of acquirement
 12855 | Lair:1   | Acquired the amulet of Guires {Reflect rElec Str-3 Int+3
                  | SH+5 SInv}
 13141 | Lair:1   | Noticed a boulder beetle
 13163 | Lair:1   | Killed a boulder beetle
 13164 | Lair:1   | Reached skill level 5 in Shields
 13423 | Lair:1   | Gained mutation: You frequently emit foul miasma when
                  | damaged in melee. [demonic ancestry]
 13423 | Lair:1   | Reached XP level 13. HP: 72/102 MP: 19/19
 14149 | Lair:2   | HP: 3/103 [death yak (12)]
 14150 | Lair:2   | Slain by a death yak

Illustrated notes

Levels and vault maps discovered:
D:1:      psy_arrival_whirlpool, layout_loops_corners, serial_bayou,
          serial_bayou_ford_a, serial_bayou_lagoon_b, serial_bayou_shore_a,
          serial_bayou_crossing, grunt_decor_one_mirror,
          kennysheep_another_room, chequers_serial_rivers_marsh
D:2:      layout_basic, hellmonk_ecumenical_altar_leap_of_faith,
          kennysheep_generic_room_14
D:3:      layout_basic, nicolae_uskayaw_murder_on_the_dancefloor,
          grunt_temple_overflow_open, uniq_robin
D:4:      minmay_wonky_spiral, layout_loops_ring, mainiacjoe_overflow_alcove_2,
          minmay_shop_grid_forest, uniq_grinder
D:5:      layout_loops_ring, temple_hall
D:6:      layout_basic, kennysheep_vampire_church, tso_metal_star,
          minmay_misc_feat_four_crosses
D:7:      layout_loops_cross, kennysheep_mini_moat, grunt_ogre_cave,
          lightli_orcish_oven
D:8:      layout_rooms, mainiacjoe_overflow_cross_hatched,
          okawaru_altar_gauntlet_db, mainiacjoe_ossuary_entry_find_the_door,
          uniq_maurice
D:9:      layout_loops_corners, lair_entry_dummy, enter_bailey_4
D:10:     layout_small_grid, mainiacjoe_overflow_catwalk_spiral, uniq_psyche
D:11:     layout_irregular_city, uniq_josephine
D:12:     minmay_general_purpose_star, layout_loops_ring, orc_0_dummy,
          nicolae_trove_entry_isolated
D:13:     layout_basic
D:14:     layout_irregular_city, david_vaults_3, ebering_ghost_inner_flame,
          nicolae_figureground_pulse, nicolae_alphabet_shops
Temple:   nicolae_temple_bog_church
Lair:1:   layout_roguey, small_statue_intersection
Lair:2:   layout_concentric_octagons, nicolae_spider_entry_lesser_pyramids,
          grunt_megastairs_3

Skill      XL: |  1  2  3  4  5  6  7  8  9 10 11 12 13 |
---------------+----------------------------------------+-----
Dodging        | 3 5 6 7 |  7.1
Axes           | 3 4 6 7 8 9 |  9.2
Armour         | 1 2 4 5 |  5.9
Spellcasting   | 1 2 3 4 |  4.6
Shapeshifting  | 1 3 |  3.4
Throwing       | 2 4 5 6 7 |  7.2
Translocations | 1 3 |  3.7
Stealth        | 1 3 4 |  4.4
Fighting       | 6 7 8 9 |  9.9
Unarmed Combat | 3 |  3.0
Evocations     | 1 3 4 |  4.0
Shields        | 3 5 |  5.4
Maces & Flails | 3 5 6 |  6.1

Action                     |  1- 3 |  4- 6 |  7- 9 | 10-12 | 13-15 || total
---------------------------+-------+-------+-------+-------+-------++-------
  Melee: War axe           |    17 |       |    29 |   138 |       ||   184
         Hand axe          |   116 |   171 |   234 |       |       ||   521
         Tailslap          |    15 |    20 |    33 |   133 |    14 ||   215
         Punch             |     1 |     3 |     6 |     4 |       ||    14
         Whip              |       |       |       |   594 |    50 ||   644
  Throw: Throwing net      |     3 |       |       |       |       ||     3
         Stone             |    22 |     2 |       |       |       ||    24
         Boomerang         |       |     7 |    58 |   171 |     1 ||   237
   Cast: Blink             |       |       |     2 |     3 |       ||     5
  Evoke: Wand              |       |       |       |     2 |    20 ||    22
    Use: Scroll            |       |       |    13 |    23 |     1 ||    37
         Potion            |       |       |     2 |     3 |       ||     5
   Stab: Sleeping          |       |     2 |     3 |     5 |       ||    10
         Distracted        |       |     1 |       |     2 |       ||     3
 Armour: Leather armour    |    59 |    70 |   113 |    68 |       ||   310
         Steam dragon scal |       |       |       |    28 |       ||    28
         Acid dragon scale |       |       |       |   188 |       ||   188
         Gold dragon scale |       |       |       |    42 |    44 ||    86
         Troll leather arm |       |       |       |    27 |       ||    27
  Dodge: Dodged            |    84 |   126 |   268 |   497 |     8 ||   983
  Block: Kite shield       |       |       |       |   233 |    34 ||   267

Table legend: (Time is in decaauts)
 A = Elapsed time spent in this place.
 B = Non-inter-level travel time spent in this place.
 C = Inter-level travel time spent in this place.
 D = Time resting spent in this place.
 E = Time spent auto-exploring this place.
 F = Levels seen in this place.
 G = Mean time per level.
                   A        B        C        D        E       F      G
               +--------+--------+--------+--------+--------+-----+--------+
         Total |  14272 |  13492 |    780 |      0 |  10038 |  19 |  751.2 |
       Dungeon |  12402 |  11714 |    688 |      0 |   8829 |  14 |  885.9 |
        Temple |     25 |      2 |     23 |      0 |      0 |   1 |   25.0 |
          Lair |   1372 |   1304 |     68 |      0 |   1000 |   2 |  686.0 |
       Ossuary |    155 |    155 |      0 |      0 |     30 |   1 |  155.0 |
        Bailey |    316 |    316 |      0 |      0 |    179 |   1 |  316.0 |
               +--------+--------+--------+--------+--------+-----+--------+

Top non-repeatable levels by time:
     D:1: 1259 daAuts
     D:3: 1108 daAuts
  Lair:1: 1093 daAuts
     D:6: 1077 daAuts
     D:9: 1054 daAuts
     D:4: 1022 daAuts
    D:13: 1021 daAuts
     D:7: 930 daAuts
     D:2: 877 daAuts
    D:12: 869 daAuts
    D:10: 855 daAuts
     D:5: 844 daAuts
    D:11: 819 daAuts
     D:8: 661 daAuts
  Bailey: 316 daAuts
